cohdb
Replays
Latest Replays
All Replays
Popular Replays
Top Player Replays
Match Explorer
How It Works
Community
CoH3 Stats
Reddit
Sign in to upload your games and track your stats! →
Sign in with Steam
Match 42427101
Unlisted
Match 42427101
Overview
Messages
Build Orders
End
Panzergrenadier Squad
Selects Battlefield Espionage Battlegroup
Panzergrenadier Squad
Panzergrenadier Squad
Construct Light Support Kompanie
2.5-tonne Medical Truck
Selects Intel Disruption Beacon
MG34 Team
Fire Support Elements
Pak 38 Mechanized Group
Flakvierling Half-track
Selects 250/3 Funkpanzerwagen
2.5-tonne Medical Truck
Construct Panzerarmee Kommand
Selects Advanced Ambush Training
Panzer III L Medium Tank
Selects Plunder
Selects Firestorm
Panzer III L Medium Tank
Tungsten Core Ammunition
Panzer III L Medium Tank
Firestorm
Panzer III L Medium Tank
ImNotProPlayerr
Kaisissam
qZeto
BIOHAZARD
0
0
Comments
sign in to comment!
No comments posted yet!